 Dungeon Crawl Stone Soup version 0.28-a0-863-g8cecda6153 (webtiles) character file.

Game seed: 4887323303525964580

9 siradein the Chopper (level 2, -1/25 HPs)
             Began as a Hill Orc Gladiator on Nov 17, 2021.
             Slain by a kobold (3 damage)
             ... on level 1 of the Dungeon.
             The game lasted 00:00:20 (296 turns).

siradein the Chopper (Hill Orc Gladiator)            Turns: 296, Time: 00:00:21

Health: -1/25      AC:  4    Str: 16    XL:     2   Next: 16%
Magic:  2/2        EV: 12    Int:  8    God:
Gold:   20         SH:  0    Dex: 12    Spells: 1/1 levels left

rFire   . . .      SeeInvis .   a - +0 war axe
rCold   . . .      Faith    .   (no shield)
rNeg    . . .      Spirit   .   b - +0 leather armour
rPois   .          Reflect  .   c - +0 helmet
rElec   .          Harm     .   (no cloak)
rCorr   .          Rampage  .   (no gloves)
Will    .....                   (no boots)
Stlth   +.........              (no amulet)
HPRegen 0.08/turn               (no ring)
MPRegen 0.08/turn               (no ring)

@: no status effects
A: no striking features
a: no special abilities


You were on level 1 of the Dungeon.
You visited 1 branch of the dungeon, and saw 1 of its levels.

You collected 20 gold pieces.

Inventory:

Hand Weapons
 a - a +0 war axe (weapon)
Missiles
 d - 3 throwing nets (quivered)
Armour
 b - a +0 leather armour (worn)
 c - a +0 helmet (worn)
Potions
 e - a potion of attraction {unknown}


   Skills:
 + Level 2.6 Fighting
 + Level 4.1 Axes
 + Level 1.9 Throwing
 + Level 0.6 Armour
 + Level 2.5 Dodging


You had one spell level left.
You didn't know any spells.
Your spell library was empty.

Dungeon Overview and Level Annotations

Branches:
Dungeon (1/15)

Altars:


Message History

The kobold hits you with a +0 dagger.
You hit the quokka.
The quokka is severely wounded.
You closely miss the kobold. The quokka barely misses you.
The kobold hits you but does no damage. The quokka bites you.
You slash the quokka!
You kill the quokka!
You closely miss the kobold. The kobold closely misses you.
You miss the kobold. You hit the endoplasm.
The kobold hits you with a +0 dagger. The endoplasm freezes you.
You are frozen.
You are too injured to fight recklessly!
You are too injured to fight recklessly!
You are too injured to fight recklessly!
You are too injured to fight recklessly!
You are too injured to fight recklessly!
The kobold hits you with a +0 dagger. The endoplasm freezes you.
You are frozen.
* * * LOW HITPOINT WARNING * * *
You hit the endoplasm but do no damage.
The endoplasm is moderately wounded.
The endoplasm closely misses you.
You hit the endoplasm.
The endoplasm is heavily wounded.
The endoplasm freezes you.
You are frozen.
* * * LOW HITPOINT WARNING * * *
You hit the endoplasm.
The endoplasm is heavily wounded.
The endoplasm hits you.
* * * LOW HITPOINT WARNING * * *
You hit the endoplasm.
You kill the endoplasm!
The kobold hits you with a +0 dagger.
* * * LOW HITPOINT WARNING * * *
You barely miss the kobold. The kobold barely misses you.
You barely miss the kobold. The kobold hits you with a +0 dagger.
You die...

#. # #. # . #.#.
.# ..
.#.###.#..#
........
...#.#.##
########†.......
#...@K......#
#.###########
#.# #.# #.# #.#
#.# #.# #.#


You could see a kobold.

Vanquished Creatures
  A dart slug (D:1)
  2 endoplasms (D:1)
  A hobgoblin (D:1)
  A quokka (D:1)
  A frilled lizard (D:1)
  A rat (D:1)
7 creatures vanquished.

Notes
Turn   | Place    | Note
-------+----------+-------------------------------------------
     0 | D:1      | siradein the Hill Orc Gladiator began the quest for the
                  | Orb.
     0 | D:1      | Reached XP level 1. HP: 18/18 MP: 1/1
   283 | D:1      | Reached XP level 2. HP: 19/25 MP: 2/2
   294 | D:1      | HP: 1/25 [kobold (2)]
   296 | D:1      | Slain by a kobold

Illustrated notes

Levels and vault maps discovered:
D:1:      dpeg_arrival_snail, layout_basic

Action                   || total
-------------------------++-------
Melee: War axe           ||    23
Armor: Leather armour    ||     5
Dodge: Dodged            ||     9

Table legend: (Time is in decaauts)
 A = Elapsed time spent in this place.
 B = Non-inter-level travel time spent in this place.
 C = Inter-level travel time spent in this place.
 D = Time resting spent in this place.
 E = Time spent auto-exploring this place.
 F = Levels seen in this place.
 G = Mean time per level.
                   A        B        C        D        E       F      G
               +--------+--------+--------+--------+--------+-----+--------+
         Total |    302 |    302 |      0 |      0 |    255 |   1 |  302.0 |
       Dungeon |    302 |    302 |      0 |      0 |    255 |   1 |  302.0 |
               +--------+--------+--------+--------+--------+-----+--------+

Top non-repeatable levels by time:
     D:1: 302 daAuts
